← All builds
Suicide front / Armada / Factory first / OBSERVED BUILD

Standard suicide front

Armada Suicide front build order · Supreme Isthmus

The role's baseline: Bot Lab at 0:21 then straight into reclaim-fed T1 bot production to contest the middle and hold until T2 arrives, with an Advanced Metal Extractor around 9:45.

#rush · 2010 distinct matches · 229 players · 72% of Armada Suicide front games · team won 59% of 2383 · Recently observed

HOW TO PLAY IT

Key timing: Bot Lab by 0:20

  1. Open with mex and lab-first to get Bot Lab up by 0:20.
  2. Expand mex and wind while lab pumps units toward middle.
  3. Push Sentry and early Rocketeer, Centurion to contest middle.
  4. Get T2 constructor out once Pond's boost lets you spare metal.
  5. Upgrade mex to Advanced Metal Extractor as you transition off T1 spam.

Phase by phase

TYPICAL OF ITS 2010 GAMES
  1. 1
  2. 2
  3. 3
PLAY THE OPENING

Follow the example game's first 6:00 step by step: what to build now, what comes next, and where it goes. At 1× it keeps pace with your own game.

  1. 1

    Bot Lab first

    Order
    1. Bot LabBot Lab done ~0:21, middle half 0:20–0:33

    Some games also: mex (44%)

  2. 2

    Bot Lab to 5:00

    Economy
    • Metal Extractor5Mex
    • Wind Turbine4Wind
    Builders
    • Construction Bot3 Con bot
    • Lazarus2 Lazarus
    Army
    • Sentry4 Sentry
    • Rocketeer16 Rocketeer
    • Tick2 Tick
    • Centurion1 Centurion
    Other
    • Radar Tower1 Radar Tower

    Some games also: pawn (38%) · con turret (34%)

    By 5:00 in all: 5 mex · 4 wind

    The example game in this phase · 39 steps
    1. Mex
    2. TickTick
    3. TickTickfor Pond
    4. Wind
    5. TickTickfor Pond
    6. Wind
    7. TickTickfor Pond
    8. LazarusLazarus ×2
    9. Construction BotCon bot ×3
    10. Mex
    11. RocketeerRocketeer
    12. Mex
    13. RocketeerRocketeer
    14. Mex
    15. RocketeerRocketeer ×2
    16. Wind ×2
    17. RocketeerRocketeer
    18. SentrySentry
    19. Wind ×2
    20. SentrySentry
    21. RocketeerRocketeer
    22. Wind
    23. SentrySentry
    24. Wind
    25. RocketeerRocketeer
    26. Wind ×2
    27. RocketeerRocketeer
    28. Wind
    29. Radar TowerRadar Tower
    30. RocketeerRocketeer
    31. Wind
    32. Construction BotCon bot
    33. Wind
    34. Mex
    35. Wind
    36. RocketeerRocketeer ×6
    37. Con turret
    38. RocketeerRocketeer ×3
    39. Con turret
  3. 3

    5:00 to 10:00

    Economy
    • Metal Extractor1Mex
    • Wind Turbine15Wind
    Builders
    • Construction Turret2 Con turret
    • Lazarus2 Lazarus
    • Construction Bot1 Con bot
    Army
    • Sentry1 Sentry
    • Rocketeer8 Rocketeer

    Some games also: pawn (49%) · Radar Tower (46%) · tick (45%) · centurion (44%) · energy storage (43%) · eat Bot Lab (31%)

    By 10:00 in all: 6 mex · 21 wind · 1 energy storage · 2 con turret

    The example game in this phase · 107 steps
    1. RocketeerRocketeer
    2. TickTick ×4
    3. RocketeerRocketeer ×28
    4. Mex
    5. RocketeerRocketeer ×6
    6. Mex
    7. RocketeerRocketeer ×2
    8. Wind
    9. RocketeerRocketeer
    10. Converter
    11. Wind
    12. RocketeerRocketeer
    13. Wind
    14. RocketeerRocketeer
    15. Wind
    16. RocketeerRocketeer
    17. Wind
    18. RocketeerRocketeer
    19. Wind
    20. RocketeerRocketeer
    21. Converter
    22. RocketeerRocketeer
    23. Wind
    24. RocketeerRocketeer
    25. Wind
    26. Converter
    27. RocketeerRocketeer
    28. Wind
    29. RocketeerRocketeer
    30. Converter
    31. Wind
    32. RocketeerRocketeer
    33. NettleNettle
    34. Wind
    35. Advanced Metal ExtractorT2 mexdone 9:51 · typical 9:46
    36. RocketeerRocketeer
    37. LazarusLazarus
    38. Wind
    39. BlitzBlitz ×2
    40. LazarusLazarus
    41. Wind
    42. RocketeerRocketeer
    43. Wind
    44. Converter
    45. RocketeerRocketeer
    46. Wind
    47. NettleNettle
    48. Wind
    49. BlitzBlitz
    50. NettleNettle
    51. LazarusLazarus
    52. BlitzBlitz
    53. Advanced Metal ExtractorT2 mex
    54. Converter
    55. LazarusLazarus
    56. RocketeerRocketeer
    57. BlitzBlitz
    58. RocketeerRocketeer
    59. BlitzBlitz ×2
    60. Radar TowerRadar Tower
    61. LazarusLazarus
    62. Converter
    63. RocketeerRocketeer
    64. LazarusLazarus
    65. Advanced Metal ExtractorT2 mex
    66. RocketeerRocketeer
    67. LazarusLazarus
    68. BlitzBlitz
    69. AggravatorAggravator
    70. BlitzBlitz
    71. AggravatorAggravator ×2
    72. BlitzBlitz
    73. LazarusLazarus
    74. Mex
    75. LazarusLazarus ×3
    76. RocketeerRocketeer
    77. LazarusLazarus ×4
    78. BlitzBlitz
    79. LazarusLazarus ×2
    80. PawnPawn ×7
    81. Con turret
    82. PawnPawn
    83. Con turret
    84. Advanced Metal ExtractorT2 mex
    85. PawnPawn ×3
    86. Con turret
    87. PawnPawn
    88. Con turret
    89. PawnPawn ×2
    90. Con turret ×2
    91. PawnPawn ×4
    92. Bot LabBot Labdone 13:19
    93. PawnPawn ×2
    94. Bot LabBot Labdone 13:23
    95. PawnPawn
    96. Bot LabBot Labdone 13:27
    97. PawnPawn
    98. Advanced Metal ExtractorT2 mex
    99. PawnPawn ×20
    100. LazarusLazarus
    101. PawnPawn ×3
    102. LazarusLazarus
    103. PawnPawn ×7
    104. Advanced Metal ExtractorT2 mex
    105. PawnPawn ×29
    106. Pit BullPit Bull
    107. PawnPawn ×7

Counts are medians over the build's games: half of them build more, half fewer. The example game is Private_Gator's (31 OS, 13/09/2026); pick another.

Team trades

IN AT LEAST 30% OF ITS GAMES

You hand over

Nothing regular.

You get

  • Tidal Generator4 Tidal from Pondfirst at 0:10 · in 68% of games
  • Advanced Construction Bot1 T2 con bot from Geo or Techfirst at 7:41 · in 57% of games

How it plays out

Typical game of this build, running totals by minute

Metal produced

010k20k
0:005:0010:0015:00

metal

Enemy metal destroyed

05k10k
0:005:0010:0015:00

metal

Own metal lost

05k10k
0:005:0010:0015:00

metal

2383 games.

Show as table
ByMetal produced: This buildEnemy metal destroyed: This buildOwn metal lost: This build
1:0023000
2:0088700
3:002009184130
4:003110645501
5:00418513571000
6:00534921831712
7:00653930512597
8:00776039393502
9:00904647004376
10:001041853145163
11:001189458585965
12:001360664076686
13:001540768797437
14:001729875058212
15:001926981098991
WHAT THE NUMBERS SAY

Standard Suicide front play wins a bit over half its games while taking the heaviest own losses of any role by 15:00.

  • + Produces 20142 metal by 15:00, highest of the front roles.
  • + First kill by 2:01 in all games, fastest contest of middle.
  • − Own metal lost hits 9178 by 15:00, more than enemy metal destroyed.
  • − Only 34% Rocketeer share shows army spread thin across many bot types.
THE EXAMPLE YOU ARE READING

Private_Gator

31.0 OS · 13/09/2026

Open source match ↗

37 received units · includes a constructor
67 metal received · 83908 energy received

Allied construction assistance is unknown. Timings are observations, not a promise of solo reproducibility.

Typical milestones

Bot Lab0:21Middle 50%: 0:20–0:33 · n=2375
Advanced Metal Extractor9:46Middle 50%: 8:50–10:58 · n=1723

Played most by

_X_262games of this buildPlatinumBlonde188games of this buildXad166games of this buildTrapCaT107games of this buildImmort80games of this build